 Dungeon Crawl Stone Soup version 0.28-a0-674-gdaf460b524 (webtiles) character file.

Game seed: 7960470441331300911

101 RepHenryClay the Conjurer (level 4, -5/27 HPs)
             Began as an Octopode Conjurer on Oct 18, 2021.
             Slain by Natasha (9 damage)
             ... on level 2 of the Dungeon.
             The game lasted 00:02:47 (1787 turns).

RepHenryClay the Conjurer (Octopode Conjurer)       Turns: 1787, Time: 00:02:48

Health: -5/27      AC:  1    Str:  4 (6)  XL:     4   Next: 75%
Magic:  2/7        EV: 13    Int: 17 (20) God:
Gold:   53         SH:  0    Dex: 10 (11) Spells: 2/7 levels left

rFire   . . .      SeeInvis .   (no weapon)
rCold   . . .      Faith    .   (no shield)
rNeg    . . .      Spirit   .   (helmet restricted)
rPois   .          Reflect  .   (no amulet)
rElec   .          Harm     .   (no ring)
rCorr   .          Rampage  .   (no ring)
Will    .....                   (no ring)
Stlth   +++.......              (no ring)
HPRegen 0.09/turn               (no ring)
MPRegen 0.10/turn               (no ring)
                                (no ring)
                                (no ring)

@: no status effects
A: almost no armour, amphibious, 8 rings, camouflage 1, gelatinous body 1,
(nimble swimmer 1), tentacles
a: no special abilities


You were on level 2 of the Dungeon.
You visited 1 branch of the dungeon, and saw 2 of its levels.

You collected 53 gold pieces.

Inventory:

Scrolls
 a - a scroll of teleportation {unknown}
 b - 2 scrolls of amnesia {unknown}
 e - 2 scrolls of blinking {unknown}
 f - a scroll of identify {unknown}
Potions
 d - a potion of mutation {unknown}


   Skills:
 - Level 2.1 Dodging
 - Level 3.0 Stealth
 - Level 2.1 Spellcasting
 + Level 5.5 Conjurations
 + Level 1.5 Poison Magic


You had 2 spell levels left.
You knew the following spells:

 Your Spells              Type           Power      Damage    Failure   Level
a - Magic Dart            Conj           80%        1d7       1%          1
b - Searing Ray           Conj           40%        2d5       3%          2
c - Poisonous Vapours     Pois/Air       8%         N/A       22%         2

Your spell library contained the following spells:

 Spells                   Type           Power      Damage    Failure   Level
 Sting                    Tmut/Pois      16%        1d3       14%         1
 Dazzling Flash           Conj/Hex       22%        N/A       19%         3
 Fulminant Prism          Conj/Hex       5%         3d7       52%         4
 Iskenderun's Mystic Bla  Conj/Tloc      11%        2d4       52%         4
 Olgreb's Toxic Radiance  Pois           7%         N/A       69%         4


Dungeon Overview and Level Annotations

Branches:
Dungeon (2/15)

Altars:
Sif Muna

Shops:
D:2 (

Annotations:
D:2 Natasha


Innate Abilities, Weirdness & Mutations

You cannot wear most types of armour.
You are amphibious.
You can wear up to eight rings at the same time.
Your skin changes colour to match your surroundings (Stealth+).
Your rubbery body absorbs attacks. (AC +1, EV +1)
((You are camouflaged near water. (Stealth+)))
You have tentacles for arms and can constrict up to eight enemies at once.


Message History

Press: ? - help, Dir - move target, f/p - Natasha
Aim: Natasha (heavily wounded, poisoned) Poisonous vapours surround Natasha!
Natasha looks even sicker.
Natasha casts a spell.
Your magical contamination has completely faded away.
The shadow imp disappears in a puff of smoke!
You feel a bit more experienced.
Your Poison Magic skill increases to level 1!
Natasha, Servant of Life and Death comes into view.
Natasha claws you.
Damage: -18%(-5hp) hp: 82%(22hp)
You tentacle-slap Natasha but do no damage.
You grab Natasha.
You constrict Natasha, but do no damage.
Natasha barely misses you.
You tentacle-slap Natasha.
Natasha is lightly wounded.
You constrict Natasha.
Natasha stares at you and mumbles some strange words.
You resist with some effort.
Unknown command.
You tentacle-slap Natasha but do no damage.
Natasha is moderately wounded.
You constrict Natasha. Natasha claws you.
Damage: -11%(-3hp) hp: 71%(19hp)
You barely miss Natasha.
Natasha is moderately wounded.
You constrict Natasha. Natasha claws you!
Huge Dmg: -26%(-7hp) hp: 45%(12hp)
You tentacle-slap Natasha but do no damage.
Natasha is heavily wounded.
You constrict Natasha. Natasha claws you!
* * * LOW HITPOINT WARNING * * *
Huge Dmg: -30%(-8hp) hp: 15%(4hp) It was a potion of degeneration.
There was something very wrong with that liquid.
You feel weakened.
You feel dopey.
You feel clumsy.
You constrict Natasha, but do no damage.
Natasha claws you!
You die...

#.....# ## . ##### #.##..# #. .##
##...#####.##..###### #. h.#
#.................... #. ..#
#........#..########. ##
..#####........##.## #.#######
.....#...÷.....##..# #.......#
.###.#.........###.#############.##
.......).)......h@..............>..
..#########....)....######.########
†.# ###.....÷...# #.......# ..#
#...........## #.#####.# ..#
#.#..........# #.# #.# ..#
#..^.......#.# #.#####.## ..#
#..........#.## #.......#. ..#
##.._......#..####'#######. ..#
#)........##.........# #.


You could see Natasha.

Vanquished Creatures
  Natasha (D:2)
  4 adders (D:2)
  4 ball pythons
  3 bats
  4 endoplasms
  3 giant cockroaches
  4 goblins
  4 hobgoblins
  5 kobolds
  A quokka (D:2)
  3 rats
36 creatures vanquished.

Notes
Turn   | Place    | Note
-------+----------+-------------------------------------------
     0 | D:1      | RepHenryClay the Octopode Conjurer began the quest for the
                  | Orb.
     0 | D:1      | Reached XP level 1. HP: 11/11 MP: 3/3
   331 | D:1      | Reached XP level 2. HP: 17/17 MP: 0/5
   614 | D:1      | Found a faded altar of an unknown god.
   946 | D:2      | Found a shimmering blue altar of Sif Muna.
   955 | D:2      | Reached XP level 3. HP: 16/21 MP: 0/6
  1078 | D:2      | Found Yxtehit's Weapon Shop.
  1399 | D:2      | Reached skill level 5 in Conjurations
  1488 | D:2      | Reached XP level 4. HP: 27/27 MP: 2/7
  1506 | D:2      | Learned a level 2 spell: Searing Ray
  1509 | D:2      | Learned a level 2 spell: Poisonous Vapours
  1653 | D:2      | Noticed Natasha
  1779 | D:2      | Killed Natasha
  1780 | D:2      | Reached skill level 1 in Poison Magic
  1780 | D:2      | Noticed Natasha
  1787 | D:2      | Slain by Natasha

Illustrated notes

Levels and vault maps discovered:
D:1:      minmay_arrival_semitransparent, layout_loops_cross,
          hellmonk_ecumenical_altar_run_dry
D:2:      layout_basic, basic_altar, serial_shops, nicolae_shop_stone,
          minmay_tetromino_t4, uniq_natasha

Skill      XL: |  1  2  3  4 |
---------------+-------------+-----
Stealth        | 3 |  3.0
Conjurations   | 5 |  5.5
Poison Magic   | 1 |  1.5
Dodging        | |  2.1
Spellcasting   | |  2.1

Action                   |  1- 3 |  4- 6 || total
-------------------------+-------+-------++-------
Melee: Unarmed           |    24 |     6 ||    30
       Constrict         |     4 |     1 ||     5
       Tentacles         |     3 |       ||     3
 Cast: Magic Dart        |    45 |     6 ||    51
       Poisonous Vapours |       |     5 ||     5
  Use: Potion            |       |     1 ||     1
Armor: Skin              |     2 |       ||     2
Dodge: Dodged            |    19 |     2 ||    21

Table legend: (Time is in decaauts)
 A = Elapsed time spent in this place.
 B = Non-inter-level travel time spent in this place.
 C = Inter-level travel time spent in this place.
 D = Time resting spent in this place.
 E = Time spent auto-exploring this place.
 F = Levels seen in this place.
 G = Mean time per level.
                   A        B        C        D        E       F      G
               +--------+--------+--------+--------+--------+-----+--------+
         Total |   1786 |   1740 |     46 |    249 |   1261 |   2 |  893.0 |
       Dungeon |   1786 |   1740 |     46 |    249 |   1261 |   2 |  893.0 |
               +--------+--------+--------+--------+--------+-----+--------+

Top non-repeatable levels by time:
     D:1: 942 daAuts
     D:2: 844 daAuts
